Map: Catalyst LE

Players

Fred

  • Race: Protoss Protoss
  • League: Gold
  • Spawn Location: 11:00

Infamous - Winner!

  • Race: Protoss Protoss
  • League: Silver
  • Spawn Location: 5:00

VOD

Have the link to the VOD?

Description

Time

  • Played on: April 9, 2018, 1:57 p.m.
  • Length: 21:02
Show
View Real Time Build Order
Export as new Build Order

Fred Protoss 

Build Orders:  

Get SALT Encoding   

  12  0:01  Probe (Chrono Boost)  
  13  0:10  Probe (Chrono Boost)  
  14  0:18  Pylon  
  14  0:24  Probe  
  15  0:36  Probe  
  16  0:43  Forge  
  16  0:48  Probe  
  17  1:01  Probe  
  18  1:17  Photon Cannon  
  18  1:39  Probe (Chrono Boost)  
  19  1:50  Probe (Chrono Boost)  
  20  1:55  Probe (Chrono Boost)  
  20  2:01  Nexus  
  21  2:06  Probe  
  22  2:09  Pylon  
  22  2:18  Probe (Chrono Boost)  
  23  2:28  Gateway  
  23  2:29  Probe (Chrono Boost)  
  24  2:31  Gateway  
  24  2:34  Probe (Chrono Boost)  
  25  2:45  Probe  
  26  2:57  Probe  
  27  3:02  Pylon  
  27  3:11  Probe (Chrono Boost)  
  27  3:13  Probe (Chrono Boost)  
  28  3:24  Photon Cannon  
  28  3:25  Probe (Chrono Boost), Photon Cannon  
  28  3:27  Probe (Chrono Boost), Photon Cannon  
  30  3:28  Photon Cannon  
  30  3:30  Probe (Chrono Boost)  
  30  3:33  Photon Cannon  
  31  3:40  Probe  
  32  3:43  Photon Cannon  
  32  3:52  Probe  
  32  3:54  Photon Cannon  
  33  3:55  Photon Cannon  
  33  3:59  Pylon  
  33  4:06  Assimilator  
  33  4:09  Probe (Chrono Boost)  
  34  4:10  Assimilator  
  34  4:15  Pylon  
  34  4:17  Pylon  
  34  4:19  Pylon, Probe (Chrono Boost)  
  35  4:24  Probe (Chrono Boost)  
  35  4:25  Cybernetics Core  
  36  4:35  Probe (Chrono Boost)  
  37  4:45  Probe x2 (Chrono Boost)  
  39  4:51  Assimilator  
  41  4:53  Probe (Chrono Boost), Assimilator  
  41  4:54  Probe (Chrono Boost)  
  41  4:58  Probe (Chrono Boost)  
  41  5:05  Photon Cannon  
  42  5:08  Photon Cannon  
  42  5:09  Probe  
  42  5:10  Shield Battery  
  42  5:13  Shield Battery  
  43  5:16  Shield Battery  
  43  5:21  Probe (Chrono Boost)  
  44  5:31  Probe (Chrono Boost)  
  45  5:36  Probe (Chrono Boost)  
  46  5:42  Stargate  
  46  5:43  Stargate  
  46  5:47  Probe  
  47  5:50  Stargate  
  47  5:57  Nexus  
  47  6:04  Nexus  
  47  6:08  Protoss Ground Weapons Level 1  
  47  6:10  Protoss Air Weapons Level 1  
  47  6:23  Stargate  
  47  6:33  Void Ray  
  51  6:52  Assimilator  
  51  6:57  Assimilator  
  51  7:02  Assimilator  
  51  7:06  Assimilator  
  51  7:07  Void Ray x2  
  59  7:13  Probe (Chrono Boost)  
  55  7:23  Probe x2 (Chrono Boost)  
  54  7:31  Probe (Chrono Boost)  
  54  7:32  Probe (Chrono Boost)  
  54  7:36  Probe (Chrono Boost)  
  52  7:45  Probe (Chrono Boost)  
  52  7:49  Void Ray  
  52  7:50  Void Ray x2  
  66  7:53  Probe (Chrono Boost)  
  66  7:56  Probe (Chrono Boost)  
  67  8:00  Probe (Chrono Boost)  
  67  8:04  Protoss Air Armor Level 1  
  68  8:07  Pylon  
  68  8:10  Pylon  
  68  8:11  Probe  
  69  8:13  Pylon  
  69  8:16  Pylon  
  69  8:19  Pylon  
  69  8:22  Pylon  
  69  8:24  Probe (Chrono Boost)  
  70  8:29  Void Ray  
  70  8:32  Void Ray  
  70  8:33  Probe (Chrono Boost)  
  79  8:43  Probe (Chrono Boost)  
  79  8:45  Probe (Chrono Boost)  
  81  8:53  Probe x2 (Chrono Boost)  
  83  8:58  Probe (Chrono Boost)  
  83  8:59  Probe (Chrono Boost)  
  85  9:08  Probe  
  86  9:17  Pylon  
  86  9:18  Pylon  
  86  9:23  Photon Cannon x2  
  86  9:25  Photon Cannon  
  86  9:27  Photon Cannon x2  
  86  9:30  Photon Cannon  
  86  9:37  Pylon  
  86  9:43  Probe (Chrono Boost)  
  87  9:52  Probe (Chrono Boost)  
  89  9:54  Probe (Chrono Boost)  
  89  9:59  Pylon  
  90  10:00  Probe (Chrono Boost)  
  90  10:01  Pylon  
  90  10:02  Probe (Chrono Boost)  
  90  10:03  Pylon  
  90  10:05  Probe (Chrono Boost)  
  93  10:07  Probe (Chrono Boost)  
  95  10:15  Probe x2 (Chrono Boost)  
  95  10:16  Void Ray  
  95  10:19  Probe (Chrono Boost), Void Ray  
  95  10:20  Probe (Chrono Boost)  
  104  10:22  Probe (Chrono Boost)  
  104  10:27  Void Ray  
  111  10:28  Probe (Chrono Boost)  
  111  10:33  Probe (Chrono Boost)  
  112  10:35  Probe (Chrono Boost)  
  115  10:44  Probe (Chrono Boost)  
  115  10:46  Probe (Chrono Boost)  
  115  10:48  Probe (Chrono Boost)  
  116  10:51  Gateway x2  
  116  10:52  Probe (Chrono Boost)  
  116  10:53  Probe (Chrono Boost)  
  116  10:54  Gateway  
  116  10:56  Probe (Chrono Boost), Gateway  
  118  11:00  Gateway  
  118  11:02  Probe, Gateway  
  120  11:06  Gateway  
  120  11:07  Probe  
  120  11:10  Gateway  
  121  11:14  Probe (Chrono Boost)  
  122  11:24  Probe (Chrono Boost)  
  124  11:26  Probe (Chrono Boost)  
  121  11:33  Probe (Chrono Boost)  
  121  11:34  Probe (Chrono Boost)  
  118  11:40  Probe  
  118  11:44  Probe  
  120  11:49  Void Ray x4  
  120  11:52  Probe  
  137  11:56  Probe  
  137  11:57  Fleet Beacon  
  138  12:01  Twilight Council  
  138  12:09  Photon Cannon  
  138  12:13  Photon Cannon  
  138  12:17  Photon Cannon  
  138  12:19  Photon Cannon  
  138  12:20  Photon Cannon  
  138  12:23  Photon Cannon  
  138  12:32  Void Ray x4  
  154  12:50  Zealot x4  
  154  12:51  Zealot x4  
  162  13:01  Charge  
  162  13:03  Protoss Ground Weapons Level 2  
  158  13:14  Void Ray  
  158  13:17  Zealot x4  
  158  13:18  Zealot x4  
  138  13:43  Tempest  
  138  13:44  Zealot x3  
  138  13:45  Zealot x5  
  160  13:50  Tempest  
  160  13:55  Tempest  
  172  14:09  Protoss Air Armor Level 2  
  160  14:11  Zealot x3  
  160  14:12  Zealot x5  
  169  14:21  Tempest  
  173  14:26  Tempest  
  175  14:32  Tempest  
  177  14:38  Zealot x2  
  181  14:54  Zealot  
  173  15:05  Zealot x4  
  173  15:06  Zealot x3  
  159  15:21  Zealot  
  161  15:28  Carrier x2  
  161  15:32  Zealot x3  
  161  15:33  Zealot x2  
  161  15:34  Zealot x2  
  151  15:48  Zealot  
  151  15:59  Zealot  
  151  16:04  Nexus  
  135  16:33  Zealot x2  
  135  16:34  Zealot x6  
  115  16:57  Carrier  
  115  17:00  Zealot x2  
  115  17:01  Zealot x5  
  125  17:02  Zealot  
  133  17:27  Zealot  
  117  18:09  Zealot x4  
  117  18:10  Zealot x4  
  130  18:36  Zealot x3  
  130  18:37  Zealot x3  
  102  19:00  Zealot x2  
  96  19:03  Zealot x3  
  96  19:04  Zealot x2  
  53  19:41  Zealot  
  53  19:42  Zealot x3  
  38  20:10  Zealot x3  
  38  20:17  Zealot  
Show
View Real Time Build Order
Export as new Build Order

Infamous Protoss - Winner!

Build Orders: 1 Gate Expand 

Get SALT Encoding   

  12  0:01  Probe  
  13  0:14  Pylon  
  13  0:26  Probe (Chrono Boost)  
  13  0:27  Pylon  
  15  0:37  Probe (Chrono Boost)  
  15  0:43  Probe  
  15  0:46  Gateway  
  16  0:56  Probe (Chrono Boost)  
  17  0:59  Assimilator  
  17  1:10  Probe (Chrono Boost)  
  18  1:18  Probe (Chrono Boost)  
  19  1:39  Nexus  
  19  1:44  Cybernetics Core  
  19  1:53  Probe  
  21  2:04  Pylon, Gateway  
  19  2:19  Probe  
  20  2:26  Forge  
  20  2:31  Probe  
  20  2:33  Assimilator  
  20  2:35  Adept (Chrono Boost)  
  23  2:37  Warp Gate (Chrono Boost)  
  23  2:52  Pylon  
  23  2:54  Sentry (Chrono Boost)  
  27  3:15  Stalker (Chrono Boost)  
  27  3:18  Probe (Chrono Boost)  
  29  3:23  Probe (Chrono Boost)  
  29  3:25  Photon Cannon  
  29  3:29  Probe (Chrono Boost)  
  29  3:31  Probe (Chrono Boost)  
  31  3:50  Robotics Facility  
  31  3:54  Protoss Ground Weapons Level 1 (Chrono Boost)  
  31  3:58  Probe  
  31  3:59  Probe  
  33  4:12  Probe x2  
  33  4:14  Gateway  
  33  4:15  Gateway  
  35  4:30  Probe  
  35  4:31  Probe  
  37  4:34  Assimilator  
  37  4:39  Sentry  
  37  4:40  Stalker  
  37  4:43  Probe x2  
  43  4:54  Immortal (Chrono Boost)  
  47  5:08  Probe x2  
  47  5:10  Pylon  
  47  5:13  Zealot  
  47  5:14  Zealot  
  53  5:23  Pylon  
  53  5:24  Assimilator  
  53  5:27  Probe (Chrono Boost)  
  55  5:30  Probe (Chrono Boost)  
  55  5:32  Warp Prism (Chrono Boost)  
  57  5:43  Probe x2, Twilight Council  
  57  5:46  Shield Battery  
  59  5:51  Shield Battery  
  59  5:54  Pylon  
  59  6:01  Zealot  
  59  6:02  Stalker  
  63  6:04  Pylon, Adept  
  65  6:22  Stalker x2  
  67  6:43  Immortal (Chrono Boost)  
  67  6:45  Nexus  
  71  6:48  Pylon  
  71  6:50  Pylon  
  71  6:57  Zealot x3  
  77  7:14  Stalker  
  79  7:18  Photon Cannon  
  79  7:22  Photon Cannon  
  79  7:30  Photon Cannon  
  79  7:34  Photon Cannon  
  79  7:47  Stalker x2  
  79  7:48  Stalker x2  
  81  7:56  Probe x2  
  81  7:57  Probe  
  84  8:05  Blink (Chrono Boost)  
  84  8:08  Probe x2  
  84  8:09  Probe, Twilight Council, Protoss Ground Armor Level 1 (Chrono Boost)  
  87  8:27  Probe (Chrono Boost)  
  87  8:28  Immortal  
  87  8:29  Stargate  
  87  8:31  Probe (Chrono Boost)  
  87  8:32  Probe (Chrono Boost), Stargate  
  90  8:38  Probe (Chrono Boost)  
  71  9:09  Stalker x4  
  75  9:23  Void Ray (Chrono Boost)  
  75  9:24  Templar Archives  
  75  9:25  Probe x3, Void Ray (Chrono Boost)  
  87  9:31  Observer  
  87  9:36  Sentry  
  87  9:37  Sentry x3  
  95  9:55  Probe x2  
  95  9:56  Probe  
  95  9:57  Void Ray x2 (Chrono Boost)  
  106  10:03  Protoss Air Weapons Level 1 (Chrono Boost)  
  106  10:21  Stalker x3  
  112  10:50  Void Ray  
  116  11:06  Pylon  
  116  11:11  Pylon  
  116  11:13  Photon Cannon  
  116  11:14  Photon Cannon  
  116  11:16  Photon Cannon x2  
  116  11:20  Photon Cannon x2  
  116  11:22  Photon Cannon, Void Ray  
  116  11:24  Photon Cannon  
  112  11:29  Photon Cannon  
  106  11:37  Void Ray  
  110  11:47  Fleet Beacon  
  110  11:48  Probe x2  
  110  11:49  Probe  
  113  12:00  Probe  
  113  12:01  Probe x2  
  116  12:04  Void Ray  
  116  12:06  Assimilator  
  120  12:10  Assimilator  
  120  12:20  Probe x3  
  120  12:22  Stalker x3  
  127  12:23  Stalker  
  127  12:26  Nexus  
  127  12:29  Pylon  
  131  12:31  Pylon  
  131  12:33  Pylon  
  131  12:38  Pylon  
  131  12:40  Protoss Air Weapons Level 2 (Chrono Boost)  
  131  12:42  Pylon  
  122  13:04  Probe x2  
  124  13:07  Photon Cannon  
  124  13:09  Photon Cannon  
  124  13:11  Photon Cannon  
  124  13:13  Photon Cannon  
  124  13:16  Photon Cannon  
  124  13:18  Photon Cannon, Stalker  
  124  13:19  Stalker x2  
  130  13:20  Photon Cannon  
  130  13:23  Photon Cannon  
  130  13:25  Photon Cannon  
  130  13:39  Pylon  
  130  13:41  Pylon  
  130  13:43  Probe x3  
  130  13:44  Probe, Pylon  
  130  13:47  Pylon  
  134  13:49  Photon Cannon  
  134  13:53  Photon Cannon  
  134  13:55  Photon Cannon  
  134  14:02  Assimilator  
  134  14:06  Assimilator  
  134  14:10  Tempest x2  
  146  14:24  Stalker  
  146  14:25  Stalker x3  
  146  14:29  Probe x2  
  156  14:38  Photon Cannon  
  156  14:40  Photon Cannon  
  156  14:42  Photon Cannon  
  156  14:46  Photon Cannon  
  156  14:48  Pylon  
  156  14:53  Tempest x2  
  162  15:05  Probe x3  
  157  15:07  Stalker x4  
  155  15:29  Probe x2  
  155  15:30  Probe  
  156  15:36  Tempest  
  166  15:53  Pylon  
  166  15:55  Pylon  
  166  15:58  Stalker  
  166  15:59  Pylon, Stalker x2  
  166  16:00  Photon Cannon  
  172  16:09  Photon Cannon  
  172  16:12  Photon Cannon  
  172  16:14  Photon Cannon  
  172  16:16  Photon Cannon  
  172  16:18  Photon Cannon  
  164  16:19  Tempest  
  164  16:21  Photon Cannon  
  170  16:27  Photon Cannon  
  139  16:57  Pylon  
  139  16:59  Pylon  
  139  17:02  Gateway  
  139  17:03  Gateway  
  139  17:04  Gateway  
  135  17:18  Stalker  
  135  17:19  Stalker x3  
  135  17:21  Probe  
  135  17:22  Probe  
  145  17:34  Photon Cannon  
  141  17:41  Photon Cannon  
  107  18:04  Stalker x4  
  93  18:21  Photon Cannon  
  93  18:23  Photon Cannon  
  93  18:25  Photon Cannon  
  93  18:27  Photon Cannon  
  93  18:30  Zealot  
  93  18:31  Zealot x2  
  93  18:32  Zealot  
  101  19:08  Stalker  
  97  19:10  Stalker  
  97  19:34  Zealot x3  
  101  19:54  Pylon  
  99  20:16  Pylon  
  99  20:20  Pylon  
  99  20:24  Pylon  
  99  20:36  Pylon  
  99  20:39  Zealot x5  
Tags
 
Matchup
PvP
Replay Pack
Last Remnant (2)
Spawn Locations
Cross Positions
Add a new tag
Caveats
  • Supply blocks, unpowered buildings, or Contaminate may cause inaccurate times.
  • Supply counts are checked every 10 seconds.